 Dungeon Sprint DCSS version 0.13-a0-2261-g830e84e (webtiles) character file.

1100000 Bruce the Infernalist (level 13, -31/63 HPs)
             Began as a Deep Elf Fire Elementalist on July 6, 2013.
             Annihilated by a bag of meat
             ... wielding a +9,+9 war axe
              (41 damage)
             ... in the Dungeon (Sprint VIII: "Arena of Blood").
             The game lasted 00:00:46 (11 turns).

Bruce the Infernalist (Deep Elf Fire Elementalist)    Turns: 11, Time: 00:00:46

HP -31/63        AC  2     Str  9      XL: 13   Next: 83%
MP  11/34        EV 26     Int 22      God:
Gold 20          SH  0     Dex 15      Spells:  1 memorised, 31 levels left

Res.Fire  : . . .   See Invis. : .   j - +∞ Axe of Woe
Res.Cold  : . . .   Warding    : .   a - +0 elf robe
Life Prot.: . . .   Conserve   : .   (no shield)
Res.Poison: .       Res.Corr.  : .   (no helmet)
Res.Elec. : .       Clarity    : .   (no cloak)
Sust.Abil.: . .     Spirit.Shd : .   (no gloves)
Res.Mut.  : .       Prev.Telep.: +   (no boots)
Res.Rott. : .       Flight     : .   (no amulet)
Saprovore : . . .                    (no ring)
                                     (no ring)

@: somewhat resistant to hostile enchantments, extraordinarily stealthy
A: no striking features
a: no special abilities


You were in the Dungeon.
You were not hungry.

You visited 1 branch

Inventory:

Hand weapons
 j - the +∞,+∞ Axe of Woe (weapon)
   (You found it in the Dungeon)
Armour
 a - a +0 elven robe (worn)
Comestibles
 c - a bread ration
Scrolls
 i - a scroll of blinking
Potions
 d - a potion of curing
 e - a potion of heal wounds
 f - a potion of speed
 g - 2 potions of magic
 h - a potion of berserk rage
Books
 b - a book of Flames

   Spells                             Type                      Level
   *Flame Tongue                      Conjuration/Fire             1
   Throw Flame                        Conjuration/Fire             2
   Conjure Flame                      Conjuration/Fire             3
   Inner Flame                        Hexes/Fire                   3
   Sticky Flame                       Conjuration/Fire             4
   Fireball                           Conjuration/Fire             5


   Skills:
 + Level 20.8 Dodging
 + Level 19.3 Stealth
 + Level 10.2 Spellcasting
 + Level 4.8 Conjurations
 O Level 27 Fire Magic


You had 31 spell levels left.
You knew the following spells:

 Your Spells              Type           Power        Failure   Level  Hunger
a - Flame Tongue          Conj/Fire      #####        0%          1    None


Dungeon Overview and Level Annotations

Branches:
Dungeon (1/1)

Altars:
Makhleb


Message History

Your Spellcasting skill gained 2 levels and is now at level 10!
You hear a shout!
The bag of meat moves out of view.
You hear a shout!
Casting: Flame Tongue
Confirm with . or Enter, or press ? or * to list all spells.
You don't know that spell.
Casting: Flame Tongue
Confirm with . or Enter, or press ? or * to list all spells.
Okay, then.
Memorise Fireball, consuming 5 spell levels and leaving 26?
You hear a shout!
You start memorising the spell.
You continue memorising.
You hear a shout!
You continue memorising.
You hear a shout!
The bag of meat hits you with a +9,+9 war axe!
Your memorisation is interrupted.
Ouch! That really hurt!
You die...

.###... ..###.
.......###......
#........_.....
..... #.....#
......#_.<._#
.......#.....#...
.#.......)_.......
........o###......
....###.)@....###.
.. #.o..o..#
#.oo....#
...oo.......
.............
.............
...........
#........ ...


You could see 7 bags of meat.

Vanquished Creatures
  An ogre (D)
  3 orcs (D)
4 creatures vanquished.

Notes
Turn   | Place    | Note
--------------------------------------------------------------
     0 | D        | Bruce, the Deep Elf Fire Elementalist, began the quest for the Orb.
     0 | D        | Reached XP level 1. HP: 10/10 MP: 4/4
     3 | D        | Noticed a bag of meat
     3 | D        | Noticed a bag of meat
     3 | D        | Noticed a meat berserker
     4 | D        | Noticed a bag of meat
     5 | D        | Killed a bag of meat
     5 | D        | Reached skill level 13 in Dodging
     5 | D        | Reached skill level 22 in Fire Magic
     5 | D        | Reached XP level 2. HP: 15/15 MP: 5/9
     5 | D        | Reached XP level 3. HP: 19/19 MP: 6/12
     5 | D        | Reached XP level 4. HP: 24/24 MP: 8/16
     5 | D        | Reached XP level 5. HP: 28/28 MP: 9/19
     5 | D        | Reached XP level 6. HP: 32/32 MP: 9/21
     5 | D        | Reached XP level 7. HP: 36/36 MP: 9/23
     5 | D        | Reached XP level 8. HP: 41/41 MP: 9/25
     5 | D        | Reached XP level 9. HP: 45/45 MP: 9/26
     5 | D        | Reached XP level 10. HP: 50/50 MP: 9/27
     5 | D        | Reached XP level 11. HP: 54/54 MP: 9/28
     7 | D        | Noticed a bag of meat
     7 | D        | Killed a bag of meat
     7 | D        | Reached skill level 15 in Dodging
     7 | D        | Reached skill level 25 in Fire Magic
     7 | D        | Reached XP level 12. HP: 9/59 MP: 9/30
     7 | D        | Killed a meat berserker
     7 | D        | Reached skill level 27 in Fire Magic
     7 | D        | Reached XP level 13. HP: 9/63 MP: 9/32
     8 | D        | Noticed a bag of meat
     8 | D        | Noticed a bag of meat
     8 | D        | Noticed a bag of meat
     8 | D        | Noticed a bag of meat
     8 | D        | Noticed a bag of meat
     8 | D        | Killed a bag of meat
     8 | D        | Reached skill level 10 in Spellcasting
    11 | D        | Noticed a bag of meat
    11 | D        | Annihilated by a bag of meat

Action                   |  1- 3 |  4- 6 |  7- 9 | 10-12 | 13-15 || total
-------------------------+-------+-------+-------+-------+-------++-------
Melee: Executioner's axe |     1 |       |       |     1 |     1 ||     3
